 Dungeon Crawl Stone Soup version 0.29.1-1-gd02db6906a (console) character file.

Game seed: 6229200200895920431

1 sentinel the Digger (level 1, -2/14 HPs)
             Began as a Meteoran Earth Elementalist on Sept 29, 2022.
             Slain by a hobgoblin (4 damage)
             ... on level 1 of the Dungeon.
             The game lasted 00:00:01 (15 turns).

sentinel the Digger (Meteoran Earth Elementalist)     Turns: 15, Time: 00:00:01

Health: -2/14      AC:  2    Str:  9    XL:     1   Next: 28%
Magic:  0/5        EV: 12    Int: 16    God:
Gold:   0          SH:  0    Dex: 14    Spells: 4/5 levels left

rFire   . . .      SeeInvis .   (no weapon)
rCold   . . .      Faith    .   (no shield)
rNeg    . . .      Spirit   .   a - +0 robe
rPois   .          Reflect  .   (no helmet)
rElec   .          Harm     .   (no cloak)
rCorr   .          Rampage  .   (no gloves)
Will    .....                   (no boots)
Stlth   +.........              (no amulet)
HPRegen 0.04/turn               (no ring)
MPRegen 0.09/turn               (no ring)

@: glowing
A: sense surroundings 1, otherworldly, glowing, explore regen
a: no special abilities


You were on level 1 of the Dungeon.
You visited 1 branch of the dungeon, and saw 1 of its levels.

Inventory:

Armour
 a - a +0 robe (worn)
Potions
 b - a potion of magic


   Skills:
 - Level 2.4 Dodging
 - Level 1.4 Stealth
 - Level 2.6 Spellcasting
 - Level 1.2 Transmutations
 + Level 3.7 Earth Magic


You had 4 spell levels left.
You knew the following spells:

 Your Spells              Type           Power      Damage    Failure   Level
a - Sandblast             Erth           28%        2d8       4%          1

Your spell library contained the following spells:

 Spells                   Type           Power      Damage    Failure   Level
 Passwall                 Tmut/Erth      8%         N/A       11%         2
 Stone Arrow              Conj/Erth      16%        3d8       26%         3
 Petrify                  Tmut/Erth      10%        N/A       56%         4


Dungeon Overview and Level Annotations

Branches:
Dungeon (1/15) Zot: 581

Altars:


Innate Abilities, Weirdness & Mutations

You passively map a small area around you.
You are easily found by Zot.
You glow in the dark.
You regain HP and MP as you explore.


Message History

Welcome, sentinel the Meteoran Earth Elementalist.
Below lies the Orb of Zot, rumoured to be powerful enough to resurrect a god...
Press ? for a list of commands and other information.
Found 6 gold pieces.
Found a staircase leading out of the dungeon.
Unknown command.
Unknown command.
Unknown command.
You open the huge gate. 2 jackals come into view.
There is a huge open gate here.
Unknown command.
But you're not safe!
Unknown command.
But you're not safe!
Unknown command.
But you're not safe!
Unknown command.
But you're not safe!
Unknown command.
The jackal barks!
You hear a bark!
You hear a shout!
A hobgoblin comes into view.
The blast of sand misses the jackal.
A jackal comes into view.
The blast of sand hits the jackal.
The jackal is moderately wounded.
The jackal closely misses you.
The jackal bites you but does no damage.
Unknown command.
The blast of sand hits the jackal.
The jackal is almost dead.
The jackal completely misses you.
The jackal bites you but does no damage.
Unknown command.
The blast of sand hits the jackal.
You kill the jackal!
The jackal bites you but does no damage.
The jackal closely misses you. x2
Unknown command.
The blast of sand misses the jackal.
The jackal bites you. x2
The hobgoblin closely misses you. The jackal bites you. x2
Unknown command.
You hit the jackal but do no damage. The jackal bites you.
The jackal misses you. The hobgoblin closely misses you.
A ball python comes into view.
You barely miss the jackal. The jackal bites you.
The jackal bites you but does no damage.
The hobgoblin hits you. The jackal bites you.
The jackal bites you but does no damage.
You are out of magic!
Unknown command.
You are out of magic!
Unknown command.
You are out of magic!
Unknown command.
You are out of magic!
Unknown command.
The ball python hisses angrily.
You hit the jackal but do no damage. The hobgoblin hits you.
You die...

, , ...., ,
.... * , * *##
,* ..S.. , #.
..... , , *
#.###...... ,
, , **
#...#...... ,
* ,,*
#...h....#. *
,, *
######@h......
, ,
#....'.g....##
, *
#.$8.'........
,
#..8.'........
* , ,
#<...'........
,*
######........
, ,......... *
, ~* .#.......
* #####. * *


You could see 2 jackals, a hobgoblin and a ball python.

Vanquished Creatures
  A jackal (D:1)
1 creature vanquished.

Notes
Turn   | Place    | Note
-------+----------+-------------------------------------------
     0 | D:1      | sentinel the Meteoran Earth Elementalist began the quest
                  | for the Orb.
     0 | D:1      | Reached XP level 1. HP: 14/14 MP: 5/5
    15 | D:1      | Slain by a hobgoblin

Illustrated notes

Levels and vault maps discovered:
D:1:      sevenhm_arrival_forest_fort_small_6, layout_basic,
          kennysheep_pointless_box, roderic_roman_lattice

Action                   || total
-------------------------++-------
Melee: Unarmed           ||     3
 Cast: Sandblast         ||     5
Armor: Robe              ||     5
Dodge: Dodged            ||     7
